 Dungeon Crawl Stone Soup version 0.29-a0-515-g7c1fb6cc08 (webtiles) character file.

Game seed: 7242998852884940982

3302 Bruhh the Ogre Mage (level 10, -1/96 (98) HPs)
             Began as an Ogre Summoner on May 30, 2022.
             Was an Initiate of Hepliaklqana.
             Killed from afar by an orc wizard (4 damage)
             ... with a puff of flame
             ... on level 8 of the Dungeon.
             The game lasted 00:19:04 (11167 turns).

Bruhh the Ogre Mage (Ogre Summoner)                Turns: 11167, Time: 00:19:04

HP:   -1/96 (98)    AC:  4    Str: 14    XL:     10   Next: 1%
MP:   8/23          EV:  9    Int: 20    God:    Hepliaklqana [......]
Gold: 283           SH:  0    Dex:  9    Spells: 17/27 levels left

rFire   . . .      SeeInvis .   x - +1 morningstar (vorpal)
rCold   . . .      Faith    .   (no shield)
rNeg    . . .      Spirit   .   a - +0 robe
rPois   .          Reflect  .   v - +1 hat
rElec   .          Harm     .   (no cloak)
rCorr   .          Rampage  .   (gloves unavailable)
Will    +....                   (boots unavailable)
Stlth   +.........              (no amulet)
HPRegen 0.26/turn               (no ring)
MPRegen 0.18/turn               (no ring)

@: lightly drained
A: large, unfitting armour, tough skin 1
a: Renounce Religion


You were on level 8 of the Dungeon.
You worshipped Hepliaklqana.
Hepliaklqana was noncommittal.
You visited 2 branches of the dungeon, and saw 9 of its levels.

You collected 283 gold pieces.

Inventory:

Hand Weapons
 x - a +1 vorpal morningstar (weapon)
Armour
 a - a +0 robe (worn)
 v - a +1 hat (worn)
Magical Staves
 e - a staff of fire
 l - a staff of poison
Jewellery
 C - a +6 ring of dexterity
Wands
 q - a wand of digging (3)
 B - a wand of iceblast (9)
 E - a wand of acid (7)
Scrolls
 c - 2 scrolls of noise
 i - 3 scrolls of vulnerability
 o - 2 scrolls of amnesia
 p - a scroll of blinking
 s - a scroll of brand weapon
 w - a scroll of enchant armour
 y - a scroll of silence
 z - 4 scrolls of enchant weapon
 A - a scroll of poison
 D - a scroll of magic mapping {unknown}
Potions
 b - a potion of magic
 d - 2 potions of flight
 f - a potion of heal wounds
 g - 2 potions of resistance {unknown}
 h - 2 potions of might {unknown}
 j - a potion of attraction {unknown}
 m - a potion of brilliance {unknown}
 n - 4 potions of haste {unknown}
 r - 2 potions of invisibility {unknown}
 t - 5 potions of curing {unknown}
 u - 2 potions of mutation {unknown}
 F - 2 potions of berserk rage


   Skills:
 + Level 5.7 Fighting
 - Level 1.7 Dodging
 - Level 1.4 Stealth
 - Level 9.0 Spellcasting
 - Level 7.1 Summonings
 - Level 5.0 Air Magic
 - Level 5.0 Earth Magic


You had 17 spell levels left.
You knew the following spells:

 Your Spells              Type           Power      Damage    Failure   Level
a - Summon Small Mammal   Summ           100%       N/A       1%          1
b - Call Imp              Summ           37%        N/A       1%          2
c - Call Canine Familiar  Summ           37%        N/A       1%          3
d - Summon Lightning Spi  Summ/Air       33%        N/A       6%          4

Your spell library contained the following spells:

 Spells                   Type           Power      Damage    Failure   Level
 Summon Guardian Golem    Hex/Summ       23%        N/A       5%          3
 Animate Armour           Summ/Erth      66%        N/A       6%          4
 Stone Arrow              Conj/Erth      38%        3d9       9%          3
 Lehudib's Crystal Spear  Conj/Erth      9%         10d4      100%        8


Dungeon Overview and Level Annotations

Branches:
Dungeon (8/15)             Temple (1/1) D:4
   Lair: D:8-11

Altars:
Ashenzari
Cheibriados
Elyvilon
Fedhas
Gozag
Hepliaklqana
Kikubaaqudgha
Makhleb
Nemelex Xobeh
Okawaru
Qazlal
Ru
Sif Muna
Trog
Uskayaw
Vehumet
Wu Jian
Xom
Yredelemnul
The Shining One

Annotations:
D:7 3 runed translucent doors, Heedrag's ghost, novice DjFE; Shavain's ghost, novice OpFE; haldagan's ghost, novice KoDe
D:8 Grum


Innate Abilities, Weirdness & Mutations

You are too large for most types of armour.
You have tough skin. (AC +1)


Message History

You feel much better.
The centaur shoots an arrow.
The arrow hits you but does no damage. The wight hits you with a +0 hand axe.
* * * LOW HITPOINT WARNING * * *
The centaur shoots an arrow.
The arrow hits you!
* * * LOW HITPOINT WARNING * * *
The wight attacks as you move away! The wight hits you with a +0 hand axe.
* * * LOW HITPOINT WARNING * * *
You feel drained.
* * * LOW HITPOINT WARNING * * *
Your surroundings suddenly seem different.
An orc wizard and an orc priest come into view.
The orc wizard is wielding a +0 dagger and wearing a +0 robe of resistance.
The orc wizard shouts!
Casting: Summon Lightning Spire (dangerous; 6% risk of failure)
Confirm with . or Enter, or press ? or * to list all spells.
An electric hum fills the air.
The orc priest looks satisfied for a moment.
The orc wizard gestures wildly while chanting.
The orc wizard flickers and vanishes!
Deactivating autopickup; reactivate with Ctrl-A.
The orc priest miscasts a cantrip.
You close the door.
An orc priest comes into view. It is wielding a +0 morningstar.
Your lightning spire shoots out a bolt of lightning at the orc priest!
The bolt of electricity hits the orc priest! x2
The orc priest dies!
The bolt of electricity misses your lightning spire.
A puff of flame appears from out of thin air!
The puff of flame hits you.
* * * LOW HITPOINT WARNING * * *
A stone appears from out of your range of vision.
The stone barely misses your lightning spire.
A stone appears from out of your range of vision.
The stone hits your lightning spire but does no damage.
A puff of flame appears from out of thin air!
The puff of flame hits you!
* * * LOW HITPOINT WARNING * * *
A puff of flame appears from out of thin air!
The puff of flame hits you.
You die...

.....<.#
#[.).......8_8
.......#
#...)...≈≈≈.8.
.......#
#.......≈)≈...
.......#
##......######
..YF...#
#########.)..##
.Y.....#
#......##)....#
.§.....#
#......+......######
.†.....#
#......#.....#......
.§.....#
#..@.....#####......
8......#
########{...........
.......#
#............
.......#
#............
.......#
#............
.......#
########............
.......#
#....#.#####+#......
...#'###
#....#.......#.o....
...#...#
#....#..[....#).8...


There were no monsters in sight!

Vanquished Creatures
  A wyvern (D:8)
  A steam dragon (D:7)
  A centaur (D:7)
  2 lemures (D:8)
  A necrophage (D:4)
  A howler monkey (D:8)
  A hound (D:5)
  A jelly (D:7)
  An iguana (D:5)
  An adder (D:5)
  A shadow imp (D:7)
  An ufetubus (D:4)
  4 dart slugs
  7 orcs
  2 ball pythons
  2 endoplasms
  2 giant cockroaches
  2 goblins
  2 hobgoblins
  5 kobolds
  A bat (D:3)
  3 frilled lizards
  A rat (D:6)
44 creatures vanquished.

Vanquished Creatures (collateral kills)
  Pikel (D:8)
  4 yaks (D:8)
  Duvessa (D:4)
  2 ice beasts
  An orc warrior (D:8)
  2 phantoms (D:5)
  A lemure (D:8)
  2 kobold brigands
  3 bullfrogs
  2 necrophages
  2 scorpions
  Dowan (D:4)
  A crimson imp (D:6)
  4 jellies
  3 orc priests
  A gnoll shaman (D:5)
  2 orc wizards
  A mummy (D:6)
  5 gnolls (D:5)
  2 adders
  A white imp (D:6)
  An ufetubus (D:5)
  2 worms
  16 orcs
  11 ball pythons
  5 endoplasms
  A giant cockroach (D:1)
  8 goblins
  2 hobgoblins
  17 kobolds
  4 quokkas
  2 bats
  A frilled lizard (D:1)
  A rat (D:1)
113 creatures vanquished.

Vanquished Creatures (others)
  4 withered plants (D:7)
4 creatures vanquished.

Grand Total: 161 creatures vanquished

Notes
Turn   | Place    | Note
-------+----------+-------------------------------------------
     0 | D:1      | Bruhh the Ogre Summoner began the quest for the Orb.
     0 | D:1      | Reached XP level 1. HP: 16/16 MP: 3/3
   188 | D:1      | Found a faded altar of an unknown god.
   283 | D:1      | Reached XP level 2. HP: 24/24 MP: 2/5
   311 | D:1      | Reached skill level 3 in Spellcasting
  1082 | D:2      | Reached XP level 3. HP: 31/31 MP: 4/7
  1085 | D:2      | Learned a level 2 spell: Call Imp
  1697 | D:2      | Found a basalt altar of Yredelemnul.
  3090 | D:3      | Reached XP level 4. HP: 9/39 MP: 4/9
  3638 | D:3      | Learned a level 3 spell: Call Canine Familiar
  3780 | D:3      | Reached skill level 4 in Spellcasting
  3983 | D:4      | Noticed a necrophage
  3996 | D:4      | Killed a necrophage
  3997 | D:4      | Reached XP level 5. HP: 42/45 MP: 4/12
  4105 | D:4      | Reached skill level 5 in Summonings
  4115 | D:4      | Reached skill level 5 in Spellcasting
  4196 | D:4      | Found a staircase to the Ecumenical Temple.
  4209 | Temple   | Entered the Ecumenical Temple
  4685 | D:4      | You fall into a shaft and drop 2 floors!
  4856 | D:6      | Reached XP level 6. HP: 51/53 MP: 4/14
  4894 | D:5      | Entered Level 5 of the Dungeon
  4894 | D:5      | Found a radiant altar of Vehumet.
  4894 | D:5      | Found a basalt altar of Yredelemnul.
  4962 | D:5      | Found a hide-covered altar of Uskayaw.
  5097 | D:6      | Found a snail-covered altar of Cheibriados.
  5106 | D:6      | Noticed an ice beast
  5129 | D:6      | Killed an ice beast
  5130 | D:6      | Reached skill level 6 in Spellcasting
  5539 | D:6      | Reached skill level 7 in Spellcasting
  5539 | D:6      | Reached XP level 7. HP: 59/59 MP: 14/17
  5967 | D:6      | Reached skill level 8 in Spellcasting
  6419 | D:5      | Found an ornate altar of the Wu Jian Council.
  6596 | D:5      | Reached XP level 8. HP: 48/67 MP: 20/20
  6925 | D:5      | Found a shimmering altar of Xom.
  7190 | D:5      | Reached skill level 9 in Spellcasting
  8299 | D:4      | Noticed Dowan
  8454 | D:4      | Noticed Duvessa
  8494 | D:4      | Killed Duvessa
  8596 | D:4      | Killed Dowan
  8844 | D:7      | Found an ancient bone altar of Kikubaaqudgha.
  8990 | D:7      | Found a hazy altar of Hepliaklqana.
  9024 | D:7      | Became a worshipper of Hepliaklqana the Forgotten
  9412 | D:7      | Reached skill level 1 in Air Magic
  9412 | D:7      | Reached skill level 1 in Earth Magic
  9671 | D:7      | Found a runed translucent gate.
  9671 | D:7      | Found a runed translucent gate.
  9671 | D:7      | Found a runed translucent gate.
  9674 | D:7      | Noticed Heedrag's ghost (novice DjFE)
  9674 | D:7      | Noticed Shavain's ghost (novice OpFE)
  9675 | D:7      | Noticed haldagan's ghost (novice KoDe)
 10111 | D:8      | Reached XP level 9. HP: 73/74 MP: 20/22
 10183 | D:7      | Learned a level 4 spell: Summon Lightning Spire
 10234 | D:8      | Reached skill level 1 in Fighting
 10557 | D:8      | Found an iron altar of Okawaru.
 10858 | D:8      | Noticed Pikel
 10870 | D:8      | Killed Pikel
 11054 | D:8      | Reached skill level 5 in Fighting
 11101 | D:8      | Noticed Grum
 11102 | D:8      | HP: 1/88 [goblin/+0 spear (5)]
 11135 | D:8      | Reached skill level 5 in Air Magic
 11135 | D:8      | Reached skill level 5 in Earth Magic
 11135 | D:8      | Reached XP level 10. HP: 34/96 MP: 6/23
 11147 | D:8      | HP: 1/96 [centaur/arrow (11)]
 11163 | D:8      | HP: 2/96 [something/puff of flame (14)]
 11167 | D:8      | Killed from afar by an orc wizard

Illustrated notes

Levels and vault maps discovered:
D:1:      moated_graveyard_arrival, layout_basic,
          chequers_ecumenical_altar_simple
D:2:      layout_basic, basic_altar, minmay_cupped
D:3:      layout_loops_ring
D:4:      layout_loops_ring, minmay_temple_entry_statues_fountains,
          minmay_misc_feat_rows, uniq_duvessa
D:5:      nicolae_cairo_tiling_very_big, layout_basic, kennysheep_mini_moat,
          mainiacjoe_overflow_concentric_impassable,
          nicolae_overflow_hidden_temple
D:6:      layout_loops_ring, slow_altar_1, portal_sewer_entry_a,
          minmay_fire_ice_demons
D:7:      layout_loops_ring, old_standard_altar, kiku_gazebo_garden_becter,
          gammafunk_ghost_cemetery, kennysheep_path_1, kennysheep_donut,
          minmay_misc_feat_more_columns, hangedman_glass_teeth
D:8:      layout_gridville, kennysheep_okawaru_gauntlet, enter_bailey_5,
          uniq_pikel, uniq_grum
Temple:   jpeg_temple_clearing

Skill      XL: |  1  2  3  4  5  6  7  8  9 |
---------------+----------------------------+-----
Spellcasting   | 3 4 5 7 8 9 |  9.0
Summonings     | 4 5 7 |  7.1
Air Magic      | 2 5 |  5.0
Earth Magic    | 2 5 |  5.0
Fighting       | 5 |  5.7
Dodging        | |  1.7
Stealth        | |  1.4

Action                   |  1- 3 |  4- 6 |  7- 9 | 10-12 || total
-------------------------+-------+-------+-------+-------++-------
Melee: Unarmed           |     7 |       |       |       ||     7
       Staff             |    85 |    36 |    50 |       ||   171
       Punch             |     1 |       |       |       ||     1
       Morningstar       |       |       |    86 |       ||    86
 Cast: Summon Small Mamm |    54 |    42 |    81 |       ||   177
       Call Imp          |     6 |    11 |    26 |       ||    43
       Call Canine Famil |       |    10 |    32 |       ||    42
       Summon Lightning  |       |       |    14 |     1 ||    15
Evoke: Wand              |       |       |     2 |       ||     2
  Use: Scroll            |       |     6 |     9 |     1 ||    16
       Potion            |       |       |     2 |     2 ||     4
 Stab: Distracted        |       |       |     1 |       ||     1
       Sleeping          |       |       |     1 |       ||     1
Armor: Robe              |    35 |    17 |    55 |     1 ||   108
Dodge: Dodged            |    60 |    34 |   128 |     1 ||   223

Table legend: (Time is in decaauts)
 A = Elapsed time spent in this place.
 B = Non-inter-level travel time spent in this place.
 C = Inter-level travel time spent in this place.
 D = Time resting spent in this place.
 E = Time spent auto-exploring this place.
 F = Levels seen in this place.
 G = Mean time per level.
                   A        B        C        D        E       F      G
               +--------+--------+--------+--------+--------+-----+--------+
         Total |  11262 |  10771 |    491 |    743 |   8134 |   9 | 1251.3 |
       Dungeon |  11079 |  10605 |    474 |    743 |   7980 |   8 | 1384.9 |
        Temple |    183 |    166 |     17 |      0 |    154 |   1 |  183.0 |
               +--------+--------+--------+--------+--------+-----+--------+

Top non-repeatable levels by time:
     D:2: 1812 daAuts
     D:5: 1688 daAuts
     D:7: 1610 daAuts
     D:6: 1564 daAuts
     D:4: 1473 daAuts
     D:3: 1131 daAuts
     D:1: 1055 daAuts
     D:8: 744 daAuts
  Temple: 183 daAuts
